Workbook

Sheet LOTE 1
B2: COSTES DE ATR
B4: Término de Potencia
C6: Termino de Potencia ATR - Enero 2019 (€/kW/año)
B7: TARIFAS | C7: P 1 | D7: P 2 | E7: P 3 | F7: P 4 | G7: P 5 | H7: P 6
B8: 3.1A | C8: 59.17368 | D8: 36.490689 | E8: 8.367731 | F8: --- | G8: --- | H8: ---
B9: 6.1A | C9: 39.139427 | D9: 19.586654 | E9: 14.334178 | F9: 14.334178 | G9: 14.334178 | H9: 6.540177
B10: 6.2 | C10: 22.158348 | D10: 11.088763 | E10: 8.115134 | F10: 8.115134 | G10: 8.115134 | H10: 3.702649
B12: Término de Energía
C14: Termino de Energía ATR - Enero 2019 (€/MWh)
B15: TARIFAS | C15: P 1 | D15: P 2 | E15: P 3 | F15: P 4 | G15: P 5 | H15: P 6
B16: 3.1A | C16: 14.335 | D16: 12.754 | E16: 7.805 | F16: --- | G16: --- | H16: ---
B17: 6.1A | C17: 26.674 | D17: 19.921 | E17: 10.615 | F17: 5.283 | G17: 3.411 | H17: 2.137
B18: 6.2 | C18: 15.587 | D18: 11.641 | E18: 6.204 | F18: 3.087 | G18: 1.993 | H18: 1.247
B21: COSTES ENERGÍA OMIE
D26: OMIE | E26: 55 | F26: (€/MWh)
D28: Datos a ofertar (celdas en color verde)
D30: CGomie: | F30: (€/MWh)
C32: Termino de Energía (€/MWh)
B33: TARIFAS | C33: P 1 | D33: P 2 | E33: P 3 | F33: P 4 | G33: P 5 | H33: P 6
B34: 3.1A | C34: =+(($E$26+E86+E87+E88+E89+E90)*(1+E85)*1.015+$E$30)+C16 -> 84.36794 | D34: =+(($E$26+F86+F87+F88+F89+F90)*(1+F85)*1.015+$E$30)+D16 -> 80.127017 | E34: =+(($E$26+G86+G87+G88+G89+G90)*(1+G85)*1.015+$E$30)+E16 -> 71.819899 | F34: --- | G34: --- | H34: ---
B35: 6.1A | C35: =+(($E$26+E92+E93+E94+E95+E96)*(1+E91)*1.015+$E$30)+C17 -> 95.924684 | D35: =+(($E$26+F92+F93+F94+F95+F96)*(1+F91)*1.015+$E$30)+D17 -> 86.830476 | E35: =+(($E$26+G92+G93+G94+G95+G96)*(1+G91)*1.015+$E$30)+E17 -> 76.051914 | F35: =+(($E$26+H92+H93+H94+H95+H96)*(1+H91)*1.015+$E$30)+F17 -> 69.873963 | G35: =+(($E$26+I92+I93+I94+I95+I96)*(1+I91)*1.015+$E$30)+G17 -> 68.529396 | H35: =+(($E$26+J92+J93+J94+J95+J96)*(1+J91)*1.015+$E$30)+H17 -> 66.705907
B36: 6.2 | C36: =+(($E$26+E98+E99+E100+E101+E102)*(1+E97)*1.015+$E$30)+C18 -> 83.545313 | D36: =+(($E$26+F98+F99+F100+F101+F102)*(1+F97)*1.015+$E$30)+D18 -> 76.97146 | E36: =+(($E$26+G98+G99+G100+G101+G102)*(1+G97)*1.015+$E$30)+E18 -> 70.469761 | F36: =+(($E$26+H98+H99+H100+H101+H102)*(1+H97)*1.015+$E$30)+F18 -> 66.519483 | G36: =+(($E$26+I98+I99+I100+I101+I102)*(1+I97)*1.015+$E$30)+G18 -> 65.895872 | H36: =+(($E$26+J98+J99+J100+J101+J102)*(1+J97)*1.015+$E$30)+H18 -> 64.391167
B37: Coste solo energía con ATR energía sin IE
B40: COSTES ENERGÍA OMIP
D45: OMIP | E45: =E26 -> 55 | F45: (€/MWh)
D47: Datos a ofertar (celdas en color verde)
D49: CGomip: | F49: (€/MWh)
C51: Apuntamientos
B52: TARIFAS | C52: P 1 | D52: P 2 | E52: P 3 | F52: P 4 | G52: P 5 | H52: P 6
B53: 3.1A | F53: --- | G53: --- | H53: ---
B54: 6.1A
B55: 6.2
C58: Termino de Energía OMIP (€/MWh)
B59: TARIFAS | C59: P 1 | D59: P 2 | E59: P 3 | F59: P 4 | G59: P 5 | H59: P 6
B60: 3.1A | C60: =+(($E$45*C53+E86+E87+E88+E89+E90)*(1+E85)*1.015+$E$49)+C16 -> 24.350483 | D60: =+(($E$45*D53+F86+F87+F88+F89+F90)*(1+F85)*1.015+$E$49)+D16 -> 19.947667 | E60: =+(($E$45*E53+G86+G87+G88+G89+G90)*(1+G85)*1.015+$E$49)+E16 -> 12.087149
B61: 6.1A | C61: =+(($E$45*C54+E92+E93+E94+E95+E96)*(1+E91)*1.015+$E$49)+C17 -> 36.085866 | D61: =+(($E$45*D54+F92+F93+F94+F95+F96)*(1+F91)*1.015+$E$49)+D17 -> 26.020304 | E61: =+(($E$45*E54+G92+G93+G94+G95+G96)*(1+G91)*1.015+$E$49)+E17 -> 16.280086 | F61: =+(($E$45*F54+H92+H93+H94+H95+H96)*(1+H91)*1.015+$E$49)+F17 -> 10.31427 | G61: =+(($E$45*G54+I92+I93+I94+I95+I96)*(1+I91)*1.015+$E$49)+G17 -> 8.9752858 | H61: =+(($E$45*H54+J92+J93+J94+J95+J96)*(1+J91)*1.015+$E$49)+H17 -> 6.5098092
B62: 6.2 | C62: =+(($E$45*C55+E98+E99+E100+E101+E102)*(1+E97)*1.015+$E$49)+C18 -> 24.828578 | D62: =+(($E$45*D55+F98+F99+F100+F101+F102)*(1+F97)*1.015+$E$49)+D18 -> 17.59599 | E62: =+(($E$45*E55+G98+G99+G100+G101+G102)*(1+G97)*1.015+$E$49)+E18 -> 11.853511 | F62: =+(($E$45*F55+H98+H99+H100+H101+H102)*(1+H97)*1.015+$E$49)+F18 -> 8.0874557 | G62: =+(($E$45*G55+I98+I99+I100+I101+I102)*(1+I97)*1.015+$E$49)+G18 -> 7.4694268 | H62: =+(($E$45*H55+J98+J99+J100+J101+J102)*(1+J97)*1.015+$E$49)+H18 -> 5.49021
B63: Coste solo energía con ATR energía sin IE
B67: PRECIO OFERTADO LOTE 1 (EN EUROS)
C69: Térm. Potencia | D69: Térm. Energía
B70: TARIFAS | D70: Omie | E70: Omip | F70: IE | G70: Total
B71: 3.1A | C71: =+SUMPRODUCT(C8:H8,'Datos LOTE 1'!B5:G5) -> 58556.305 | D71: =+SUMPRODUCT(C34:H34,'Datos LOTE 1'!H5:M5)/1000*0.5 -> 105546.3 | E71: =+SUMPRODUCT(C60:H60,'Datos LOTE 1'!H5:M5)*0.5/1000 -> 23906.589 | F71: =SUM(C71:E71)*0.051127 -> 9612.3463 | G71: =SUM(C71:F71) -> 197621.55
B72: 6.1A | C72: =+SUMPRODUCT(C9:H9,'Datos LOTE 1'!B6:G6) -> 236767.1 | D72: =+SUMPRODUCT(C35:H35,'Datos LOTE 1'!H6:M6)/1000*0.5 -> 284069.15 | E72: =+SUMPRODUCT(C61:H61,'Datos LOTE 1'!H6:M6)*0.5/1000 -> 48708.136 | F72: =SUM(C72:E72)*0.051127 -> 29119.096 | G72: =SUM(C72:F72) -> 598663.49
B73: 6.2 | C73: =+SUMPRODUCT(C10:H10,'Datos LOTE 1'!B7:G7) -> 58341.483 | D73: =+SUMPRODUCT(C36:H36,'Datos LOTE 1'!H7:M7)/1000*0.5 -> 164516.55 | E73: =+SUMPRODUCT(C62:H62,'Datos LOTE 1'!H7:M7)*0.5/1000 -> 21606.925 | F73: =SUM(C73:E73)*0.051127 -> 12498.76 | G73: =SUM(C73:F73) -> 256963.72
D74: PRECIO OFERTADO | G74: =SUM(G71:G73) -> 1053248.7
D75: PRECIO MÁXIMO DE LICITACIÓN | G75: 1682492.2
B79: SE TOMARÁN CIFRAS CON 4 DECIMALES MÁXIMO
B80: A efectos de valoración de ofertas se consideran el siguiente desglose de conceptos:
B82: (C1) TARIFA | C82: PRECIOS POR PERIODOS HORARIOS (€/MWh)
C83: Desglose de conceptos regulados por la legislación eléctrica (excepto ATR).
E84: P1 | F84: P2 | G84: P3 | H84: P4 | I84: P5 | J84: P6
B85: 3.1 | C85: Pérdidas | E85: 0.0751 | F85: 0.078 | G85: 0.07
C86: SSCC | E86: 1.8183388 | F86: 2.1836927 | G86: 3.0150152
C87: Serv. Interrumpibilidad | E87: 0.7887 | F87: 0.7887 | G87: 0.7887
C88: Pagos por Capacidad | E88: 6.432 | F88: 3.463 | G88: 0
C89: Pagos OMIE | E89: 0.02657 | F89: 0.02657 | G89: 0.02657
C90: Pagos OS (REE) | E90: 0.11258 | F90: 0.11258 | G90: 0.11258
B91: 6.1 | C91: Pérdidas | E91: 0.0719 | F91: 0.0893 | G91: 0.0707 | H91: 0.0669 | I91: 0.0668 | J91: 0.0783
C92: SSCC | E92: 1.2909335 | F92: 1.6196891 | G92: 2.3059694 | H92: 2.2342428 | I92: 2.7269342 | J92: 3.0675005
C93: Serv. Interrumpibilidad | E93: 0.7887 | F93: 0.7887 | G93: 0.7887 | H93: 0.7887 | I93: 0.7887 | J93: 0.7887
C94: Pagos por Capacidad | E94: 6.432 | F94: 2.969 | G94: 1.979 | H94: 1.484 | I94: 1.484 | J94: 0
C95: Pagos OMIE | E95: 0.02657 | F95: 0.02657 | G95: 0.02657 | H95: 0.02657 | I95: 0.02657 | J95: 0.02657
C96: Pagos OS (REE) | E96: 0.11258 | F96: 0.11258 | G96: 0.11258 | H96: 0.11258 | I96: 0.11258 | J96: 0.11258
B97: 6.2 | C97: Pérdidas | E97: 0.0518 | F97: 0.0636 | G97: 0.05 | H97: 0.0467 | I97: 0.0466 | J97: 0.0551
C98: SSCC | E98: 1.2967416 | F98: 1.6193073 | G98: 2.3941221 | H98: 2.294902 | I98: 2.7434093 | J98: 3.034336
C99: Serv. Interrumpibilidad | E99: 0.7887 | F99: 0.7887 | G99: 0.7887 | H99: 0.7887 | I99: 0.7887 | J99: 0.7887
C100: Pagos por Capacidad | E100: 6.432 | F100: 2.969 | G100: 1.979 | H100: 1.484 | I100: 1.484 | J100: 0
C101: Pagos OMIE | E101: 0.02657 | F101: 0.02657 | G101: 0.02657 | H101: 0.02657 | I101: 0.02657 | J101: 0.02657
C102: Pagos OS (REE) | E102: 0.11258 | F102: 0.11258 | G102: 0.11258 | H102: 0.11258 | I102: 0.11258 | J102: 0.11258

Sheet LOTE 2
B2: COSTES DE ATR
B4: Término de Potencia
C6: Termino de Potencia ATR - Enero 2019 (€/kW/año)
B7: TARIFAS | C7: P 1 | D7: P 2 | E7: P 3 | F7: P 4 | G7: P 5 | H7: P 6
B8: 2.1A | C8: 44.44471 | D8: --- | E8: --- | F8: --- | G8: --- | H8: ---
B9: 2.1DHA | C9: 44.44471 | D9: --- | E9: --- | F9: --- | G9: --- | H9: ---
B10: 3.0A | C10: 40.728885 | D10: 24.43733 | E10: 16.291555 | F10: --- | G10: --- | H10: ---
B11: 3.1A | C11: 59.17368 | D11: 36.490689 | E11: 8.367731 | F11: --- | G11: --- | H11: ---
B14: Término de Energía
C16: Termino de Energía ATR - Enero 2019 (€/MWh)
B17: TARIFAS | C17: P 1 | D17: P 2 | E17: P 3 | F17: P 4 | G17: P 5 | H17: P 6
B18: 2.1A | C18: 57.36 | D18: --- | E18: --- | F18: --- | G18: --- | H18: ---
B19: 2.1DHA | C19: 74.568 | D19: 13.192 | E19: --- | F19: --- | G19: --- | H19: ---
B20: 3.0A | C20: 18.762 | D20: 12.575 | E20: 4.67 | F20: --- | G20: --- | H20: ---
B21: 3.1A | C21: 14.335 | D21: 12.754 | E21: 7.805 | F21: --- | G21: --- | H21: ---
B24: COSTES ENERGÍA OMIE
D28: OMIE | E28: 55 | F28: (€/MWh)
D30: Datos a ofertar (celdas en color verde)
C32: C1omie OFERTADO (€/MWh)
B33: TARIFAS | C33: P 1 | D33: P 2 | E33: P 3 | F33: P 4 | G33: P 5 | H33: P 6
B34: 2.1A | D34: --- | E34: --- | F34: --- | G34: --- | H34: ---
B35: 2.1DHA | E35: --- | F35: --- | G35: --- | H35: ---
B36: 3.0A | F36: --- | G36: --- | H36: ---
B37: 3.1A | F37: --- | G37: --- | H37: ---
C39: C2 OFERTADO
B40: TARIFAS | C40: P 1 | D40: P 2 | E40: P 3 | F40: P 4 | G40: P 5 | H40: P 6
B41: 2.1A | D41: --- | E41: --- | F41: --- | G41: --- | H41: ---
B42: 2.1DHA | E42: --- | F42: --- | G42: --- | H42: ---
B43: 3.0A | F43: --- | G43: --- | H43: ---
B44: 3.1A | F44: --- | G44: --- | H44: ---
C46: Apuntamientos Omie
B47: TARIFAS | C47: P 1 | D47: P 2 | E47: P 3 | F47: P 4 | G47: P 5 | H47: P 6
B48: 2.1A | D48: --- | E48: --- | F48: --- | G48: --- | H48: ---
B49: 2.1DHA | E49: --- | F49: --- | G49: --- | H49: ---
B50: 3.0A | F50: --- | G50: --- | H50: ---
B51: 3.1A | F51: --- | G51: --- | H51: ---
C54: Termino de Energía COMPLETO OMIE (€/MWh)
B55: TARIFAS | C55: P 1 | D55: P 2 | E55: P 3 | F55: P 4 | G55: P 5 | H55: P 6
B56: 2.1A | C56: =+(C34+$E$28*C48)*C41+C18 -> 57.36 | D56: --- | E56: --- | F56: --- | G56: --- | H56: ---
B57: 2.1DHA | C57: =+(C35+$E$28*C49)*C42+C19 -> 74.568 | D57: =+(D35+$E$28*D49)*D42+D19 -> 13.192 | E57: --- | F57: --- | G57: --- | H57: ---
B58: 3.0A | C58: =+(C36+$E$28*C50)*C43+C20 -> 18.762 | D58: =+(D36+$E$28*D50)*D43+D20 -> 12.575 | E58: =+(E36+$E$28*E50)*E43+E20 -> 4.67 | F58: --- | G58: --- | H58: ---
B59: 3.1A | C59: =+(C37+$E$28*C51)*C44+C21 -> 14.335 | D59: =+(D37+$E$28*D51)*D44+D21 -> 12.754 | E59: =+(E37+$E$28*E51)*E44+E21 -> 7.805 | F59: --- | G59: --- | H59: ---
B60: Coste solo energía con ATR energía sin IE
B62: COSTES ENERGÍA OMIP
D66: OMIP | E66: =E28 -> 55 | F66: (€/MWh)
D68: Datos a ofertar (celdas en color verde)
C70: C1omie OFERTADO (€/MWh)
B71: TARIFAS | C71: P 1 | D71: P 2 | E71: P 3 | F71: P 4 | G71: P 5 | H71: P 6
B72: 2.1A | D72: --- | E72: --- | F72: --- | G72: --- | H72: ---
B73: 2.1DHA | E73: --- | F73: --- | G73: --- | H73: ---
B74: 3.0A | F74: --- | G74: --- | H74: ---
B75: 3.1A | F75: --- | G75: --- | H75: ---
C77: C2 OFERTADO (MISMO VALOR QUE EN LA PARTE OMIE)
B78: TARIFAS | C78: P 1 | D78: P 2 | E78: P 3 | F78: P 4 | G78: P 5 | H78: P 6
B79: 2.1A | C79: =C41 -> 0 | D79: --- | E79: --- | F79: --- | G79: --- | H79: ---
B80: 2.1DHA | C80: =C42 -> 0 | D80: =D42 -> 0 | E80: --- | F80: --- | G80: --- | H80: ---
B81: 3.0A | C81: =C43 -> 0 | D81: =D43 -> 0 | E81: =E43 -> 0 | F81: --- | G81: --- | H81: ---
B82: 3.1A | C82: =C44 -> 0 | D82: =D44 -> 0 | E82: =E44 -> 0 | F82: --- | G82: --- | H82: ---
C84: Apuntamientos Omip
B85: TARIFAS | C85: P 1 | D85: P 2 | E85: P 3 | F85: P 4 | G85: P 5 | H85: P 6
B86: 2.1A | D86: --- | E86: --- | F86: --- | G86: --- | H86: ---
B87: 2.1DHA | E87: --- | F87: --- | G87: --- | H87: ---
B88: 3.0A | F88: --- | G88: --- | H88: ---
B89: 3.1A | F89: --- | G89: --- | H89: ---
C92: Termino de Energía COMPLETO OMIP (€/MWh)
B93: TARIFAS | C93: P 1 | D93: P 2 | E93: P 3 | F93: P 4 | G93: P 5 | H93: P 6
B94: 2.1A | C94: =+(C72+($E$66*C86))*C41+C18 -> 57.36 | D94: --- | E94: --- | F94: --- | G94: --- | H94: ---
B95: 2.1DHA | C95: =+(C73+($E$66*C87))*C42+C19 -> 74.568 | D95: =+(D73+($E$66*D87))*D42+D19 -> 13.192 | E95: --- | F95: --- | G95: --- | H95: ---
B96: 3.0A | C96: =+(C74+($E$66*C88))*C43+C20 -> 18.762 | D96: =+(D74+($E$66*D88))*D43+D20 -> 12.575 | E96: =+(E74+($E$66*E88))*E43+E20 -> 4.67 | F96: --- | G96: --- | H96: ---
B97: 3.1A | C97: =+(C75+($E$66*C89))*C44+C21 -> 14.335 | D97: =+(D75+($E$66*D89))*D44+D21 -> 12.754 | E97: =+(E75+($E$66*E89))*E44+E21 -> 7.805 | F97: --- | G97: --- | H97: ---
B98: Coste solo energía con ATR energía sin IE
B101: PRECIO OFERTADO LOTE 2 (EN EUROS)
C103: Térm. Potencia | D103: Térm. Energía
B104: TARIFAS | D104: Omie | E104: Omip | F104: IE | G104: Total
B105: 2.1A | C105: =+SUMPRODUCT(C8:E8,'Datos LOTE 2'!B3:D3) -> 3500.9987 | D105: =+SUMPRODUCT(C56:E56,'Datos LOTE 2'!E3:G3)/1000*0.5 -> 1538.1424 | E105: =+SUMPRODUCT(C94:E94,'Datos LOTE 2'!E3:G3)/1000*0.5 -> 1538.1424 | F105: =SUM(C105:E105)*0.051127 -> 336.27677 | G105: =SUM(C105:F105) -> 6913.5603
B106: 2.1DHA | C106: =+SUMPRODUCT(C9:E9,'Datos LOTE 2'!B4:D4) -> 35503.412 | D106: =+SUMPRODUCT(C57:E57,'Datos LOTE 2'!E4:G4)/1000*0.5 -> 46668.101 | E106: =+SUMPRODUCT(C95:E95,'Datos LOTE 2'!E4:G4)/1000*0.5 -> 46668.101 | F106: =SUM(C106:E106)*0.051127 -> 6587.183 | G106: =SUM(C106:F106) -> 135426.8
B107: 3.0A | C107: =+SUMPRODUCT(C10:E10,'Datos LOTE 2'!B5:D5) -> 183047.29 | D107: =+SUMPRODUCT(C58:E58,'Datos LOTE 2'!E5:G5)/1000*0.5 -> 31999.564 | E107: =+SUMPRODUCT(C96:E96,'Datos LOTE 2'!E5:G5)/1000*0.5 -> 31999.564 | F107: =SUM(C107:E107)*0.051127 -> 12630.742 | G107: =SUM(C107:F107) -> 259677.16
B108: 3.1A | C108: =+SUMPRODUCT(C11:E11,'Datos LOTE 2'!B6:D6) -> 128359.28 | D108: =+SUMPRODUCT(C59:E59,'Datos LOTE 2'!E6:G6)/1000*0.5 -> 28234.884 | E108: =+SUMPRODUCT(C97:E97,'Datos LOTE 2'!E6:G6)/1000*0.5 -> 28234.884 | F108: =SUM(C108:E108)*0.051127 -> 9449.7548 | G108: =SUM(C108:F108) -> 194278.8
D109: PRECIO OFERTADO | G109: =SUM(G105:G108) -> 596296.32
D110: PRECIO MÁXIMO DE LICITACIÓN | G110: 1954492.5

Sheet Datos LOTE 1
B3: POTENCIA CONTRATADA | H3: CONSUMOS ANUALES
A4: Tarifa | B4: P1 (kW) | C4: P2 (kW) | D4: P3 (kW) | E4: P4 (kW) | F4: P5 (kW) | G4: P6 (kW) | H4: kWh P1 | I4: kWh P2 | J4: kWh P3 | K4: kWh P4 | L4: kWh P5 | M4: kWh P6 | N4: TOTAL
A5: 3.1A | B5: 537 | C5: 583 | D5: 658 | E5: 0 | F5: 0 | G5: 0 | H5: 542449.52 | I5: 1049140.6 | J5: 1131479.7 | K5: 0 | L5: 0 | M5: 0 | N5: 2723069.8
A6: 6.1A | B6: 2025 | C6: 2075 | D6: 2075 | E6: 2075 | F6: 2225 | G6: 3897 | H6: 664156 | I6: 822714 | J6: 513678 | K6: 796010 | L6: 1072856 | M6: 3969423 | N6: 7838837
A7: 6.2 | B7: 950 | C7: 950 | D7: 950 | E7: 950 | F7: 950 | G7: 980 | H7: 352753 | I7: 477275 | J7: 262543 | K7: 432672 | L7: 577090 | M7: 2756828 | N7: 4859161

Sheet Datos LOTE 2
B1: POTENCIA CONTRATADA | E1: CONSUMOS ANUALES
A2: Tarifa | B2: P1 (kW) | C2: P2 (kW) | D2: P3 (kW) | E2: kWh P1 | F2: kWh P2 | G2: kWh P3 | H2: TOTAL
A3: 2.1A | B3: 78.772 | C3: 0 | D3: 0 | E3: 53631.185 | F3: 0 | G3: 0 | H3: =SUM(E3:G3) -> 53631.185
A4: 2.1DHA | B4: 798.822 | C4: 784.962 | D4: 0 | E4: 1011466.7 | F4: 1357880.2 | G4: 0 | H4: =SUM(E4:G4) -> 2369346.8
A5: 3.0A | B5: 2143.887 | C5: 2267.887 | D5: 2474.169 | E5: 1022396.4 | F5: 2931606.9 | G5: 1702777.5 | H5: =SUM(E5:G5) -> 5656780.7
A6: 3.1A | B6: 1216.791 | C6: 1216.791 | D6: 1428.791 | E6: 967966.62 | F6: 1959759.1 | G6: 2254862 | H6: =SUM(E6:G6) -> 5182587.8
